 Dungeon Crawl Stone Soup version 0.29.0-11-gd7f09526c8 (webtiles) character file.

Game seed: 1946187105997480987

111 greenreed the Vexing (level 4, -4/34 HPs)
             Began as a Gnoll Arcane Marksman on Sept 4, 2022.
             Killed from afar by a white imp (8 damage)
             ... with a puff of frost
             ... summoned by Natasha
             ... on level 3 of the Dungeon.
             The game lasted 00:04:19 (2182 turns).

greenreed the Vexing (Gnoll Arcane Marksman)        Turns: 2182, Time: 00:04:19

Health: -4/34      AC:  3    Str:  9    XL:     4   Next: 92%
Magic:  2/2        EV: 13    Int: 15    God:
Gold:   131        SH:  0    Dex: 12    Spells: 8/9 levels left

rFire   . . .      SeeInvis .   u - +0 dagger (antimagic)
rCold   . . .      Faith    .   (no shield)
rNeg    . . .      Spirit   .   c - +0 robe
rPois   .          Reflect  .   (no helmet)
rElec   .          Harm     .   o - +0 cloak
rCorr   +          Rampage  .   (no gloves)
Will    .....                   (no boots)
Stlth   ++........              (no amulet)
HPRegen 0.11/turn               d - ring of flight
MPRegen 0.08/turn               m - ring of resist corrosion

@: flying
A: fangs 1, strong nose, distributed training
a: no special abilities


You were on level 3 of the Dungeon.
You visited 1 branch of the dungeon, and saw 3 of its levels.

You collected 131 gold pieces.

Inventory:

Hand Weapons
 a - a +1 sling
 s - a +2 dagger of venom
 u - a +0 antimagic dagger (weapon)
Missiles
 e - 2 poisoned darts
Armour
 c - a +0 robe (worn)
 o - a +0 cloak (worn)
Jewellery
 d - a ring of flight (left hand)
 m - a ring of resist corrosion (right hand)
 q - a +6 ring of strength
 t - a ring of see invisible
Scrolls
 b - 2 scrolls of poison
 f - a scroll of noise {unknown}
 h - 3 scrolls of fear {unknown}
 l - 3 scrolls of identify {unknown}
 n - a scroll of immolation {unknown}
 p - a scroll of vulnerability {unknown}
Potions
 g - 3 potions of lignification {unknown}
 i - a potion of resistance {unknown}
 j - 3 potions of curing {unknown}
 k - a potion of invisibility {unknown}
 r - 2 potions of cancellation {unknown}


   Skills:
 + Level 2.9 Fighting
 + Level 1.3 Short Blades
 + Level 1.3 Long Blades
 + Level 1.3 Axes
 + Level 1.3 Maces & Flails
 + Level 1.3 Polearms
 + Level 1.3 Staves
 + Level 4.7 Ranged Weapons
 + Level 1.3 Throwing
 + Level 1.3 Armour
 + Level 4.7 Dodging
 + Level 1.3 Stealth
 + Level 1.3 Shields
 + Level 1.3 Unarmed Combat
 + Level 3.1 Spellcasting
 + Level 1.1 Conjurations
 + Level 5.5 Hexes
 + Level 1.1 Summonings
 + Level 1.1 Necromancy
 + Level 1.1 Translocations
 + Level 1.1 Transmutations
 + Level 1.1 Fire Magic
 + Level 1.1 Ice Magic
 + Level 1.1 Air Magic
 + Level 1.1 Earth Magic
 + Level 1.1 Poison Magic
 + Level 1.5 Invocations
 + Level 1.3 Evocations


You had 8 spell levels left.
You knew the following spells:

 Your Spells              Type           Power      Damage    Failure   Level
a - Slow                  Hex            72%        N/A       1%          1

Your spell library contained the following spells:

 Spells                   Type           Power      Damage    Failure   Level
 Inner Flame              Hex/Fire       12%        N/A       16%         3
 Portal Projectile        Hex/Tloc       24%        N/A       16%         3
 Cause Fear               Hex            9%         N/A       21%         4


Dungeon Overview and Level Annotations

Branches:
Dungeon (3/15)

Altars:
Sif Muna

Shops:
D:1 (   D:2 :

Annotations:
D:3 Natasha


Innate Abilities, Weirdness & Mutations

You have very sharp teeth.
Your uncanny sense of smell can sniff out nearby items.
Your experience applies equally to all skills.


Message History

Natasha is moderately wounded.
You completely miss Natasha. Your punch misses Natasha.
Natasha is moderately wounded.
Natasha barely misses you.
You hit Natasha but do no damage.
Natasha is moderately wounded.
The white imp gestures at you. The puff of frost misses you.
Natasha zaps a wand.
The puff of flame hits you!
* * * LOW HITPOINT WARNING * * *
You closely miss Natasha.
Natasha is moderately wounded.
The white imp gestures at you. The puff of frost misses you.
You hit Natasha.
Natasha's magic leaks into the air.
Your bite misses Natasha.
Natasha is heavily wounded.
The white imp gestures at you. The puff of frost misses you.
Natasha closely misses you.
You closely miss Natasha.
Natasha is heavily wounded.
The white imp barely misses you.
Natasha mumbles some strange words.
You hit Natasha.
Natasha's magic leaks into the air.
You bite Natasha, but do no damage.
Natasha is heavily wounded.
The white imp misses you.
You closely miss Natasha.
Natasha is heavily wounded.
The white imp barely misses you. Natasha barely misses you.
You closely miss Natasha.
Natasha is heavily wounded.
The white imp hits you.
* * * LOW HITPOINT WARNING * * *
The white imp freezes you.
* * * LOW HITPOINT WARNING * * *
Natasha barely misses you.
You hit Natasha but do no damage. You punch Natasha, but do no damage.
Natasha is heavily wounded.
The white imp gestures at you. The puff of frost hits you!
You die...

#######
#.....###################
#.......5................
#<.....h5################
#.....##@####
########...†# ####.>....)
##..... ....∆ ...∆ ## . #


You could see Natasha (slow, magic disrupted), a white imp (summoned) and a
shadow imp (summoned).

Vanquished Creatures
  Natasha (D:3)
  An adder (D:3)
  A dart slug (D:2)
  10 bats
  6 endoplasms
  7 giant cockroaches
  6 goblins
  7 hobgoblins
  4 jackals
  9 kobolds
  4 quokkas
  6 ball pythons
  2 frilled lizards
  A rat (D:2)
65 creatures vanquished.

Notes
Turn   | Place    | Note
-------+----------+-------------------------------------------
     0 | D:1      | greenreed the Gnoll Arcane Marksman began the quest for the
                  | Orb.
     0 | D:1      | Reached XP level 1. HP: 17/17 MP: 4/4
    49 | D:1      | Found a faded altar of an unknown god.
    73 | D:1      | Reached XP level 2. HP: 22/23 MP: 5/5
   515 | D:1      | Reached XP level 3. HP: 28/28 MP: 7/7
   602 | D:1      | Found Urarhe's Antique Weapon Shop.
   698 | D:1      | Reached skill level 1 in Invocations
  1136 | D:2      | Found Sifuw's Book Boutique.
  1199 | D:2      | Reached skill level 1 in Short Blades
  1199 | D:2      | Reached skill level 1 in Long Blades
  1199 | D:2      | Reached skill level 1 in Axes
  1199 | D:2      | Reached skill level 1 in Maces & Flails
  1199 | D:2      | Reached skill level 1 in Polearms
  1199 | D:2      | Reached skill level 1 in Staves
  1199 | D:2      | Reached skill level 1 in Throwing
  1199 | D:2      | Reached skill level 1 in Armour
  1199 | D:2      | Reached skill level 1 in Stealth
  1199 | D:2      | Reached skill level 1 in Shields
  1199 | D:2      | Reached skill level 1 in Unarmed Combat
  1199 | D:2      | Reached skill level 1 in Evocations
  1436 | D:2      | Reached XP level 4. HP: 34/34 MP: 8/8
  1701 | D:3      | Reached skill level 1 in Conjurations
  1701 | D:3      | Reached skill level 1 in Summonings
  1701 | D:3      | Reached skill level 1 in Necromancy
  1701 | D:3      | Reached skill level 1 in Translocations
  1701 | D:3      | Reached skill level 1 in Transmutations
  1701 | D:3      | Reached skill level 1 in Fire Magic
  1701 | D:3      | Reached skill level 1 in Ice Magic
  1701 | D:3      | Reached skill level 1 in Air Magic
  1701 | D:3      | Reached skill level 1 in Earth Magic
  1701 | D:3      | Reached skill level 1 in Poison Magic
  1959 | D:3      | Found a shimmering blue altar of Sif Muna.
  2051 | D:3      | Noticed Natasha
  2061 | D:3      | Killed Natasha
  2169 | D:3      | Noticed Natasha
  2182 | D:3      | Killed from afar by a white imp

Illustrated notes

Levels and vault maps discovered:
D:1:      mrwooster_arrival_statue_3, layout_loops_ring,
          nicolae_ecumenical_snake_handling, serial_shops, shop
D:2:      layout_basic, serial_shops, shop
D:3:      layout_rooms, mainiacjoe_overflow_tiny_flanked, uniq_jessica,
          uniq_natasha

Skill      XL: |  1  2  3  4 |
---------------+-------------+-----
Invocations    | 1 |  1.5
Short Blades   | 1 |  1.3
Long Blades    | 1 |  1.3
Axes           | 1 |  1.3
Maces & Flails | 1 |  1.3
Polearms       | 1 |  1.3
Staves         | 1 |  1.3
Throwing       | 1 |  1.3
Armour         | 1 |  1.3
Stealth        | 1 |  1.3
Shields        | 1 |  1.3
Unarmed Combat | 1 |  1.3
Evocations     | 1 |  1.3
Spellcasting   | 3 |  3.1
Conjurations   | 1 |  1.1
Summonings     | 1 |  1.1
Necromancy     | 1 |  1.1
Translocations | 1 |  1.1
Transmutations | 1 |  1.1
Fire Magic     | 1 |  1.1
Ice Magic      | 1 |  1.1
Air Magic      | 1 |  1.1
Earth Magic    | 1 |  1.1
Poison Magic   | 1 |  1.1
Fighting       | |  2.9
Ranged Weapons | |  4.7
Dodging        | |  4.7
Hexes          | |  5.5

Action                   |  1- 3 |  4- 6 || total
-------------------------+-------+-------++-------
Melee: Dagger            |       |    13 ||    13
       Punch             |       |     1 ||     1
       Bite              |       |     1 ||     1
 Fire: Sling             |   159 |    71 ||   230
 Cast: Slow              |       |     4 ||     4
Armor: Robe              |    18 |    13 ||    31
Dodge: Dodged            |    54 |    56 ||   110
